 Dungeon Crawl Stone Soup version 0.30.1-3-gfc49f6343a (webtiles) character file.

Game seed: 2112548789656684933

142368 Kranky the Warrior (level 16, -20/160 HPs)
             Began as a Minotaur Berserker on Aug 4, 2023.
             Was a High Priest of Trog.
             Demolished by Vv (46 damage)
             ... on level 2 of the Depths.
             The game lasted 01:11:06 (30022 turns).

Kranky the Warrior (Minotaur Berserker)            Turns: 30022, Time: 01:11:07

Health: -20/160    AC: 31    Str: 30    XL:     16   Next: 80%
Magic:  15/15      EV: 13    Int:  4    God:    Trog [*****.]
Gold:   2296       SH: 18    Dex: 10    Spells: 15/15 levels left

rFire   + + .        y - +6 demon trident (vamp)
rCold   x . .        O - +1 kite shield
rNeg    . . .        b - +0 fire dragon scales
rPois   .            o - +1 hat
rElec   .            S - +0 cloak
rCorr   .            n - +0 pair of gloves
SInv    .            r - +2 pair of boots {Fly}
Will    +++..        P - amulet of reflection Stlth
                     l - +4 ring of protection
HPRegen 1.46/turn    N - +4 ring of protection
MPRegen 0.14/turn

%: reflection
@: strong-willed, flying, regenerating
A: horns 2, retaliatory headbutt
a: Renounce Religion, Berserk, Trog's Hand, Brothers in Arms


You were on level 2 of the Depths.
You worshipped Trog.
Trog was extremely pleased with you.
You visited 6 branches of the dungeon, and saw 27 of its levels.
You also visited: Bailey.

You collected 2584 gold pieces.
You spent 288 gold pieces at shops.

Inventory:

Hand Weapons
 y - a +6 vampiric demon trident (weapon)
 H - the +1 trident "Muniugou" {speed, +Blink Str+2}
   (You took it off a meliai on level 15 of the Dungeon)

   Str:       It affects your strength (+2).
   +Blink:    It lets you blink.
 Z - a +6 antimagic trident
Armour
 b - +0 fire dragon scales (worn)
 d - a +0 pair of boots of rampaging
 k - a +0 tower shield
 n - a +0 pair of gloves (worn)
 o - a +1 hat (worn)
 r - a +2 pair of boots of flying (worn)
 O - a +1 kite shield (worn)
 S - a +0 cloak (worn)
 T - a +4 plate armour
Jewellery
 a - a ring of see invisible
 l - a +4 ring of protection (left hand)
 x - a ring of resist corrosion
 A - a ring of positive energy
 N - a +4 ring of protection (right hand)
 P - an amulet of reflection (around neck)
 U - a +5 ring of evasion
 W - an amulet of guardian spirit
 X - a +6 ring of intelligence
Wands
 h - a wand of digging (9)
 j - a wand of flame (5)
 t - a wand of paralysis (14)
 u - a wand of light (19)
 C - a wand of roots (21)
 Q - a wand of polymorph (17)
 R - a wand of mindburst (20)
Scrolls
 c - 25 scrolls of identify
 g - 3 scrolls of fog
 m - 10 scrolls of teleportation
 s - a scroll of poison
 v - 8 scrolls of fear
 I - 2 scrolls of silence
 M - 4 scrolls of magic mapping
 V - a scroll of enchant armour
Potions
 e - 5 potions of might
 f - 11 potions of haste
 i - 15 potions of curing
 p - a potion of berserk rage
 q - 2 potions of lignification
 w - 9 potions of flight
 B - 4 potions of resistance
 D - 4 potions of invisibility
 E - 6 potions of attraction
 F - 4 potions of heal wounds
 G - 2 potions of mutation
 J - a potion of cancellation
 K - 3 potions of magic
 L - 5 potions of ambrosia
Miscellaneous
 z - a box of beasts


   Skills:
 + Level 19.2 Fighting
 - Level 14.6 Polearms
 + Level 19.1 Armour
 - Level 10.0 Dodging
 - Level 14.0 Shields
 + Level 9.5 Evocations


You had 15 spell levels left.
You didn't know any spells.
Your spell library was empty.

Dungeon Overview and Level Annotations

Branches:
Dungeon (15/15)            Temple (0/1) D:5            Lair (5/5) D:10
  Swamp (2/4) Lair:2       Spider (0/4) Lair:2        Slime (1/5) Lair:5
    Orc (2/2) D:11            Elf (0/3) Orc:2        Vaults (0/5) D:13
 Depths (2/4) D:15         Bailey (visited)

Altars:
Ashenzari
Gozag
Hepliaklqana
Kikubaaqudgha
Nemelex Xobeh
Qazlal
Vehumet
Yredelemnul
Zin
The Shining One
Lugonu

Shops:
D:12 :   D:15 :   Orc:2 ((?:

Portals:
Hell: Depths:1
Abyss: Lair:1 Depths:1
Ziggurat: Depths:1

Annotations:
Swamp:2 1 runed translucent door, Wugevod's ghost, adept SpVM
Depths:2 Vv


Innate Abilities, Weirdness & Mutations

You have a pair of horns on your head.
You reflexively headbutt those who attack you in melee.


Message History

Trog accepts your kill.
The troll leather armour is intact enough to wear.
No target in view!
Found a stone staircase leading down.
Items here: [[ ††.
Things that are here:
a +0 troll leather armour; a deep troll corpse
Things that are here:
an iron troll corpse; a deep troll corpse Vv the Exile comes into view.
There is a stone staircase leading down, spattered with blood here.
Your ogre goes berserk!
Vv completely misses you. You furiously retaliate!
You headbutt Vv! Vv hits you!
You are engulfed in flames!
You resist.
Your skin crawls.
You feel strong-willed. Vv hits you! Vv freezes you!!!
You feel a terrible chill! Vv misses you.
You closely miss Vv. You headbutt Vv, but do no damage.
Vv is lightly damaged.
Vv calls freezing cold from the walls.
The frost grips you!!!
You feel a terrible chill!
* * * LOW HITPOINT WARNING * * *
You are encased in ice.
The frost grips your ogre!!!
Your ogre dies!
Your ogre's corpse disappears in a puff of smoke!
Your deep troll goes berserk!
Vv hits you but does no damage. Vv hits you!
* * * LOW HITPOINT WARNING * * *
You are engulfed in flames!
You resist.
* * * LOW HITPOINT WARNING * * *
Vv attacks as you move away! You block Vv's attack. x2
The ice encasing you melts away.
Your deep troll bites Vv but does no damage.
Your deep troll claws Vv.
Your deep troll claws Vv but does no damage.
Vv hits you!
* * * LOW HITPOINT WARNING * * *
Vv freezes you!!!
You feel a terrible chill!
You die...

.>.###.# .#
...#..#...# .
#.....#...# ..
##$...#...#
...#.....#...#
.........#...#
#...........######
##.....[[..........
.......†@9T........
.....#####.........
.... #.(.##### ##.
#...# # #...# #...#
#...# #...# #...#


You could see Vv (ally target) and a friendly deep troll (summoned, berserk).

Vanquished Creatures
  A titan (Depths:1)
  A frost giant (Depths:1)
  3 fire giants (Depths:1)
  Louise (D:14)
  4 stone giants (Depths:1)
  Nessos (D:14)
  An eleionoma (Swamp:2)
  A bunyip (Swamp:1)
  3 spark wasps (Depths:1)
  2 ettins
  Josephine (Lair:4)
  A fire dragon (Lair:3)
  2 hell beasts (Depths:1)
  Erolcha (Orc:2)
  A spriggan air mage (Depths:1)
  7 hydras
  2 catoblepae
  2 ogre magi
  10 centaur warriors
  A death knight (D:12)
  5 hell hogs (Depths:1)
  3 alligators
  5 two-headed ogres
  2 tengu warriors
  11 boulder beetles
  12 death yaks
  4 deep troll shamans
  A deep troll earth mage (Depths:2)
  The ghost of spardeous the Placeless Demigod, a novice DgCj (D:11)
  2 hell knights (Depths:1)
  3 soul eaters (Depths:1)
  2 spriggans (Swamp:2)
  Sonja (Lair:1)
  A skyshark (Lair:4)
  A fire crab (Lair:3)
  3 iron trolls
  2 goliath frogs
  3 deep trolls
  A lindwurm (Lair:5)
  3 bog bodies (Swamp:1)
  4 wizards
  A deep elf pyromancer (D:12)
  A necromancer (D:15)
  A mana viper (shapeshifter) (D:12)
  2 orc knights
  A deep elf zephyrmancer (D:12)
  2 will-o-the-wisps (Swamp:1)
  14 orc sorcerers
  6 cyclopes
  3 manticores
  11 ugly things
  Maurice (D:8)
  A smoke demon (Depths:1)
  3 black mambas
  An ice statue (Lair:2)
  A naga mage (D:15)
  3 gargoyles
  11 elephants
  10 cane toads
  2 kobold demonologists (D:12)
  3 freezing wraiths
  3 efreet
  2 rime drakes
  8 komodo dragons
  A tengu conjurer (Depths:1)
  An ice devil (Lair:2)
  A redback zombie (D:15)
  9 trolls
  A wind drake (shapeshifter) (D:14)
  2 polar bears
  3 meliai (D:15)
  Grinder (D:3)
  2 tyrant leeches (Swamp:2)
  24 blink frogs
  4 dream sheep (Lair:3)
  3 hornets
  14 slime creatures
  Sigmund (D:6)
  A shadow (D:10)
  A centaur simulacrum (D:15)
  4 vampires
  A culicivora (shapeshifter) (D:14)
  2 culicivoras (Lair:2)
  2 wyverns
  7 basilisks
  7 wraiths
  52 yaks
  2 steam dragons
  15 vampire mosquitoes
  A warg (Orc:1)
  5 swamp worms (Swamp:1)
  Edmund (D:6)
  2 acid dragons
  11 water moccasins
  A sky beast (D:5)
  20 orc warriors
  2 swamp drakes (Swamp:1)
  8 ice beasts
  3 black bears
  11 ogres
  A boggart (D:14)
  14 centaurs
  8 wolves
  2 kobold brigands
  A necrophage (Swamp:1)
  13 bullfrogs
  2 gnoll sergeants
  3 scorpions
  2 cane toad simulacra (D:12)
  3 wights (D:10)
  9 killer bees
  2 elephant simulacra (D:12)
  7 howler monkeys
  A crimson imp (D:9)
  2 jellies
  5 hounds
  A gnoll bouda (D:8)
  13 orc priests
  A boggart zombie (D:15)
  3 iguanas
  A sleepcap (D:7)
  Natasha (thrice) (D:3)
  28 orc wizards
  18 hell rats
  A polar bear simulacrum (D:12)
  2 troll simulacra (D:12)
  Robin (D:3)
  30 gnolls
  4 adders (D:5)
  A naga simulacrum (D:12)
  2 white imps (Lair:2)
  2 dart slugs
  87 orcs
  8 endoplasms
  3 giant cockroaches
  12 hobgoblins
  9 jackals
  4 quokkas
  9 ball pythons
  3 bats
  3 frilled lizards
  18 goblins
  12 kobolds
  A rat (D:2)
  A spectral orc (D:7)
789 creatures vanquished.

Vanquished Creatures (collateral kills)
  2 ghouls (Swamp:1)
  2 alligators (Swamp:1)
  A troll (D:10)
  A necrophage (Swamp:1)
  4 kobolds (D:10)
10 creatures vanquished.

Vanquished Creatures (others)
  A fire giant (Depths:1)
  A wizard (D:14)
  A cyclops (D:13)
  A smoke demon (Depths:1)
  An orc wizard (Orc:2)
  10 foxfires (Swamp:1)
  A lurking horror (Lair:1)
16 creatures vanquished.

Grand Total: 815 creatures vanquished

Notes
Turn   | Place    | Note
-------+----------+-------------------------------------------
     0 | D:1      | Kranky the Minotaur Berserker began the quest for the Orb.
     0 | D:1      | Reached XP level 1. HP: 19/19 MP: 0/0
   140 | D:1      | Reached XP level 2. HP: 27/27 MP: 1/1
   949 | D:2      | Reached ** piety under Trog
  1059 | D:2      | Reached XP level 3. HP: 30/33 MP: 2/2
  1462 | D:2      | Reached XP level 4. HP: 40/40 MP: 3/3
  1620 | D:2      | Found a faded altar of an unknown god.
  1937 | D:3      | Noticed Natasha
  1944 | D:3      | Killed Natasha
  2095 | D:3      | Noticed Robin
  2108 | D:3      | Killed Robin
  2109 | D:3      | Reached XP level 5. HP: 43/47 MP: 4/4
  2112 | D:3      | Reached *** piety under Trog
  2506 | D:3      | Noticed Natasha
  2514 | D:3      | Killed Natasha
  2535 | D:3      | Noticed Grinder
  2550 | D:3      | Killed Grinder
  2551 | D:3      | Reached skill level 5 in Fighting
  2551 | D:3      | Reached skill level 5 in Polearms
  2551 | D:3      | Reached XP level 6. HP: 15/56 MP: 5/5
  2818 | D:3      | Noticed Natasha
  2824 | D:3      | Killed Natasha
  3653 | D:4      | Found a basalt altar of Yredelemnul.
  3869 | D:5      | Entered Level 5 of the Dungeon
  3880 | D:5      | Reached skill level 5 in Armour
  3880 | D:5      | Reached XP level 7. HP: 41/62 MP: 6/6
  4149 | D:5      | Reached skill level 1 in Shields
  4191 | D:5      | Reached skill level 1 in Evocations
  4264 | D:5      | Reached skill level 5 in Dodging
  4302 | D:5      | Found a staircase to the Ecumenical Temple.
  4591 | D:5      | Reached XP level 8. HP: 64/70 MP: 7/7
  5175 | D:6      | Noticed Sigmund
  5185 | D:6      | Killed Sigmund
  5186 | D:6      | Noticed Edmund
  5207 | D:6      | Killed Edmund
  5468 | D:6      | Found a stormy altar of Qazlal.
  5590 | D:6      | Noticed an air elemental
  5679 | D:6      | Reached XP level 9. HP: 78/79 MP: 8/8
  6045 | D:7      | Found a flagged portal.
  6079 | Bailey   | Entered a bailey
  6110 | Bailey   | Reached **** piety under Trog
  6356 | Bailey   | Noticed an orc knight
  6368 | Bailey   | Killed an orc knight
  6528 | Bailey   | Reached skill level 5 in Shields
  6816 | D:7      | Found a glowing golden altar of the Shining One.
  7352 | D:7      | Found a glowing silver altar of Zin.
  7607 | D:7      | Found a hazy altar of Hepliaklqana.
  7641 | D:7      | Found a sparkling altar of Nemelex Xobeh.
  7641 | D:7      | Found an opulent altar of Gozag.
  8277 | D:8      | Noticed Maurice
  8304 | D:8      | Killed Maurice
  8305 | D:8      | Reached XP level 10. HP: 63/90 MP: 9/9
  9196 | D:9      | Noticed a wizard
  9203 | D:9      | Killed a wizard
  9789 | D:10     | Entered Level 10 of the Dungeon
 10042 | D:10     | Paralysed by a hornet for 2 turns
 10045 | D:10     | HP: 1/90 [poisoned by a kobold]
 10051 | D:10     | Reached skill level 5 in Evocations
 10288 | D:10     | Found a staircase to the Lair.
 10431 | D:10     | Found a broken altar of Ashenzari.
 10492 | D:10     | Found an ancient bone altar of Kikubaaqudgha.
 10529 | D:10     | You fall into a shaft and drop 3 floors!
 10544 | D:13     | Noticed a boulder beetle
 10550 | D:13     | Killed a boulder beetle
 10743 | D:13     | Reached XP level 11. HP: 59/97 MP: 10/10
 10888 | D:13     | Noticed a centaur warrior
 10904 | D:13     | Killed a centaur warrior
 10904 | D:13     | Noticed a centaur warrior
 10912 | D:13     | Killed a centaur warrior
 11135 | D:12     | Found a frozen archway.
 11472 | D:12     | Reached skill level 10 in Polearms
 11580 | D:12     | Noticed a deep elf zephyrmancer
 11584 | D:12     | Noticed a boulder beetle
 11586 | D:12     | Noticed a boulder beetle
 11639 | D:12     | Reached skill level 10 in Fighting
 11845 | D:12     | Killed a boulder beetle
 11846 | D:12     | Reached skill level 10 in Armour
 11859 | D:12     | Killed a boulder beetle
 11866 | D:12     | Noticed a brown ugly thing
 11876 | D:12     | Killed a brown ugly thing
 12064 | D:12     | Noticed a boulder beetle
 12077 | D:12     | Killed a boulder beetle
 12251 | D:12     | Noticed a mana viper
 12258 | D:12     | Killed a mana viper
 12312 | D:12     | Noticed a soul eater
 12321 | D:12     | Noticed a deep elf pyromancer
 12340 | D:12     | Killed a deep elf pyromancer
 12524 | D:12     | Noticed a death knight
 12538 | D:12     | Killed a death knight
 12539 | D:12     | Reached XP level 12. HP: 69/110 MP: 11/11
 12742 | D:12     | Reached skill level 10 in Shields
 13242 | D:12     | Found Bimnuadu's Book Emporium.
 14348 | D:11     | Noticed a two-headed ogre
 14365 | D:11     | Killed a two-headed ogre
 14618 | D:11     | Reached ***** piety under Trog
 14878 | D:11     | Found a runed translucent door.
 14880 | D:11     | Noticed spardeous's ghost (novice DgCj)
 14880 | D:11     | Noticed an ogre mage
 14943 | D:11     | Found a staircase to the Orcish Mines.
 15135 | D:11     | Identified the +3 leather armour "Xuepiced" {-Cast Drain
                  | rCorr Str+8}
 15640 | Lair:1   | Entered Level 1 of the Lair of Beasts
 15843 | Lair:1   | Reached XP level 13. HP: 72/119 MP: 12/12
 16173 | Lair:1   | Found a one-way gate to the infinite horrors of the Abyss.
 16174 | Lair:1   | Found a corrupted altar of Lugonu.
 16518 | Lair:1   | Received a gift from Trog
 16691 | Lair:1   | Noticed Sonja
 16702 | Lair:1   | Killed Sonja
 16828 | Lair:1   | Found a transporter.
 16828 | Lair:1   | Found a transporter.
 17470 | Lair:2   | Found a hole to the Spider Nest.
 17657 | Lair:2   | Found a staircase to the Swamp.
 19107 | Lair:3   | Noticed a fire dragon
 19119 | Lair:3   | Killed a fire dragon
 19488 | Lair:4   | Noticed Josephine
 19494 | Lair:4   | Killed Josephine
 19501 | Lair:4   | Reached ****** piety under Trog
 19502 | Lair:4   | Reached XP level 14. HP: 102/130 MP: 13/13
 19546 | Lair:4   | Received a gift from Trog
 20290 | Lair:5   | Entered Level 5 of the Lair of Beasts
 20369 | Lair:5   | Found a staircase to the Slime Pits.
 20981 | Lair:5   | Reached skill level 15 in Fighting
 21108 | Lair:5   | Reached skill level 15 in Armour
 21372 | Lair:5   | Received a gift from Trog
 21920 | Slime:1  | Entered Level 1 of the Pits of Slime
 22233 | Swamp:1  | Entered Level 1 of the Swamp
 22661 | Swamp:1  | Noticed a ghoul
 22664 | Swamp:1  | Noticed a ghoul
 22674 | Swamp:1  | Killed a ghoul
 22675 | Swamp:1  | Reached XP level 15. HP: 102/143 MP: 14/14
 22677 | Swamp:1  | Reached skill level 10 in Dodging
 23217 | Swamp:2  | Found a runed translucent door.
 23217 | Swamp:2  | Noticed Wugevod's ghost (adept SpVM)
 23522 | D:11     | Killed spardeous's ghost
 23654 | Orc:1    | Entered Level 1 of the Orcish Mines
 23814 | Orc:2    | Entered Level 2 of the Orcish Mines
 23967 | Orc:2    | Identified the +3 quarterstaff "Seubesch" {heavy, Dex+4}
                  | (Trog gifted it to you on level 2 of the Orcish Mines)
 23967 | Orc:2    | Received a gift from Trog
 24226 | Orc:2    | Found a staircase to the Elven Halls.
 24560 | Orc:2    | Found Riocaege's Magic Scroll Shoppe.
 24613 | Orc:2    | Found a radiant altar of Vehumet.
 24613 | Orc:2    | Noticed Erolcha
 24620 | Orc:2    | Killed Erolcha
 24671 | Orc:2    | Found an ancient bone altar of Kikubaaqudgha.
 24777 | Orc:2    | Found Laumunull's Antique Weapon Shoppe.
 24785 | Orc:2    | Found Kokhinecu's Book Emporium.
 24842 | Orc:2    | Found Wintuy's Antique Weapon Emporium.
 24940 | Orc:2    | Bought a scroll of brand weapon for 161 gold pieces
 24940 | Orc:2    | Bought a scroll of enchant weapon for 127 gold pieces
 25704 | D:13     | Received a gift from Trog
 25710 | D:13     | Found a gate to the Vaults.
 26097 | D:14     | Identified the +0 robe "Dujoc" {Regen+ MP+9}
 26099 | D:14     | Identified the +0 quarterstaff "Deegeigue" {protect, rF+}
 26248 | D:14     | Noticed Louise
 26260 | D:14     | Killed Louise
 26315 | D:14     | Noticed Nessos
 26349 | D:14     | Killed Nessos
 26942 | D:15     | Entered Level 15 of the Dungeon
 27095 | D:15     | Identified the +1 trident "Muniugou" {speed, +Blink Str+2}
 27202 | D:15     | Found Yshreruqu's Tremendous Tomes.
 27463 | D:15     | Found a staircase to the Depths.
 27467 | D:15     | Reached XP level 16. HP: 157/157 MP: 15/15
 27728 | D:15     | Received a gift from Trog
 27935 | Depths:1 | Entered Level 1 of the Depths
 28337 | Depths:1 | Found a sparkling altar of Nemelex Xobeh.
 28388 | Depths:1 | Noticed a titan
 28403 | Depths:1 | Killed a titan
 28570 | Depths:1 | Found a one-way gateway to a ziggurat.
 28830 | Depths:1 | Found a gateway to Hell.
 30013 | Depths:2 | Noticed Vv
 30022 | Depths:2 | Demolished by Vv

Illustrated notes

Levels and vault maps discovered:
D:1:      lightli_arrival_quake, layout_basic, chequers_serial_rivers_large_a
D:2:      layout_loops_ring, chequers_ecumenical_altar_island
D:3:      layout_loops_ring, uniq_natasha, uniq_grinder, uniq_robin
D:4:      layout_basic, yredelemnul_altar_generic
D:5:      layout_rooms, minmay_temple_entry_hall
D:6:      layout_loops_ring, nicolae_qazlal_style_of_elements,
          kennysheep_generic_room_2, uniq_sigmund, uniq_edmund
D:7:      layout_loops_corners, grunt_temple_overflow_opulence,
          nicolae_hepliaklqana_monster_ancestors, mainiacjoe_overflow_alcove_2,
          zin_scriptorium, enter_bailey_5, chequers_serial_rivers_small_a
D:8:      layout_cave_pools, uniq_maurice
D:9:      layout_basic, serial_aquarium, aquarium_bridge_square
          [aquarium_subvault_bridge, aquarium_subvault_wall,
          aquarium_subvault_window, aquarium_subvault_wall],
          aquarium_bridge_square [aquarium_subvault_window,
          aquarium_subvault_bridge, aquarium_subvault_balcony,
          aquarium_subvault_bridge], aquarium_window_fake,
          aquarium_window_corner, aquarium_window_1, aquarium_view_2b,
          aquarium_pool_S, lightli_wizard_tower
D:10:     layout_cave_pools, nicolae_ashenzari_skybound, general_overflow_altar,
          lair_entry_dummy, serial_glass, glass_columns_b, glass_columns_b,
          minmay_strange_pillars, due_unseen_surprise, item_on_display_a,
          item_on_display_a
D:11:     layout_stronghold, hiddenorc1_lemuel, ebering_ghost_inner_flame,
          lemuel_flamethrower_2
D:12:     minmay_the_grid_3x2 [minmay_the_grid_gridbox,
          minmay_the_grid_zigzag_pyramid, minmay_the_grid_spin_star,
          minmay_the_grid_aliased_spiral, minmay_the_grid_large_cup,
          minmay_the_grid_prize_four_corners], layout_grid_maze,
          portal_ice_cave_entry_ice_simulacra, serial_shops, shop
D:13:     layout_big_octagon, david_vaults_1, nicolae_kite_square_tiling_tiny
D:14:     cheibrodos_ideogram_h, layout_loops_ring, minmay_starry_boxes,
          uniq_nessos, uniq_louise
D:15:     grunt_enter_depths_magical_seal, layout_long_grid,
          nicolae_shop_i_like_big_books
Lair:1:   gammafunk_boulding_lane, layout_loops_ring, serial_bayou_lagoon_a,
          amcnicky_altar_lugonu_corruption, grunt_megastairs_2,
          lemuel_fruit_tree, uniq_sonja
Lair:2:   layout_long_grid, swamp_mist, hellmonk_spider_entry_life_and_decay,
          ice2_lemuel
Lair:3:   dragon1_lemuel, layout_regular_city, grunt_megastairs_3
Lair:4:   layout_small_grid, hibernation_bobbens, uniq_josephine
Lair:5:   grunt_lair_end_beastmaster, layout_gridlike,
          minmay_slime_entry_pillars, grunt_megastairs_5
Swamp:1:  nicolae_swamp_decorative_isthmus, layout_basic_swamp,
          hangedman_swamp_pad, swamp_pool3, infiniplex_staircase_pool_2
Swamp:2:  layout_basic_swamp, hellmonk_ghost_happy_afterlife,
          evilmike_swamp_ruin_house_2, swamp_pool5
Slime:1:  layout_caves
Orc:1:    layout_caves, basic_altar, nicolae_orc_lost_temple
Orc:2:    kennysheep_orc_mage_school, layout_caves, nicolae_orc_flooded_monolith
Depths:1: layout_gridlike, enter_ziggurat_d, grunt_decor_resistance,
          abyss_entry, hellmouth_2, nemelex_lonely_heart_becter
Depths:2: evilmike_pillar_path, layout_long_grid, infiniplex_staircase_star,
          pf_vacation_house_of_asmodeus, pan_entry, uniq_vv

Skill      XL: |  1  2  3  4  5  6  7  8  9 10 11 12 13 14 15 16 |
---------------+-------------------------------------------------+-----
Fighting       | 4 5 6 7 8 9 11 12 14 15 17 19 | 19.2
Polearms       | 4 5 6 7 8 9 11 12 14 | 14.6
Armour         | 3 4 5 6 8 9 10 12 14 15 17 19 | 19.1
Dodging        | 3 4 5 6 7 8 9 10 | 10.0
Shields        | 2 4 6 7 9 11 13 14 | 14.0
Evocations     | 1 3 4 5 6 7 9 |  9.5

Action                     |  1- 3 |  4- 6 |  7- 9 | 10-12 | 13-15 | 16-18 || total
---------------------------+-------+-------+-------+-------+-------+-------++-------
  Melee: Spear             |    81 |       |       |   658 |    32 |       ||   771
         Headbutt          |    14 |    31 |    70 |   170 |   213 |   103 ||   601
         Short sword       |    14 |   134 |   222 |       |       |       ||   370
         Punch             |       |     1 |       |       |       |       ||     1
         Halberd           |       |       |   146 |   110 |       |       ||   256
         Demon trident     |       |       |       |       |  1093 |   417 ||  1510
 Invoke: Berserk           |     1 |     1 |     5 |     3 |     1 |     1 ||    12
         Trog's Hand       |       |       |     2 |     5 |     9 |     2 ||    18
         Brothers in Arms  |       |       |       |     1 |     1 |     2 ||     4
  Evoke: Wand              |       |       |       |     2 |       |       ||     2
    Use: Scroll            |       |       |     7 |    14 |    18 |       ||    39
         Potion            |       |       |       |     5 |       |       ||     5
   Stab: Sleeping          |     4 |       |       |       |       |       ||     4
         Paralysed         |       |       |       |     3 |       |       ||     3
         Distracted        |       |       |       |     2 |     1 |       ||     3
         Petrified         |       |       |       |       |     1 |       ||     1
 Armour: Animal skin       |    14 |       |       |       |       |       ||    14
         Chain mail        |     2 |    90 |   193 |   165 |    39 |       ||   489
         Scale mail        |       |       |       |    55 |       |       ||    55
         Plate armour      |       |       |       |       |   522 |    50 ||   572
         Fire dragon scale |       |       |       |       |       |    59 ||    59
  Dodge: Dodged            |    36 |    59 |   199 |   234 |   212 |    80 ||   820
  Block: Buckler           |       |     3 |    40 |       |       |       ||    43
         Kite shield       |       |       |       |   378 |   705 |   227 ||  1310
         Reflection        |       |       |       |     7 |    48 |     8 ||    63
